 Dungeon Crawl Stone Soup version 0.29.1 (webtiles) character file.

Game seed: 17647685734524033628

4370 qw the Cleaver (level 10, -13/132 HPs)
             Began as a Minotaur Berserker on Sept 13, 2022.
             Was an Elder of Trog.
             Killed from afar by a Hell Sentinel (40 damage)
             ... with an iron shot
             ... on level 1 of the Abyss.
             The game lasted 00:03:00 (8470 turns).

qw the Cleaver (Minotaur Berserker)                 Turns: 8470, Time: 00:03:01

Health: -13/132    AC: 16    Str: 26    XL:     10   Next: 13%
Magic:  9/9        EV:  9    Int:  4    God:    Trog [****..]
Gold:   262        SH:  4    Dex: 10    Spells: 9/9 levels left

rFire   . . .      SeeInvis .   Y - +1 war axe
rCold   + . .      Faith    .   (no shield)
rNeg    . . .      Spirit   .   i - +0 chain mail {rC+}
rPois   .          Reflect  .   (helmet restricted)
rElec   .          Harm     .   k - +0 cloak
rCorr   .          Rampage  .   c - +0 pair of gloves
Will    .....                   (no boots)
Stlth   ..........              a - amulet of the acrobat
HPRegen 0.32/turn               p - +4 ring of protection
MPRegen 0.11/turn               (no ring)

@: berserking (expiring), very quick
A: horns 2, retaliatory headbutt, large bone plates 1, screaming 1, no potion
heal 1
a: Renounce Religion, Berserk, Trog's Hand, Brothers in Arms


You were on level 1 of the Abyss.
You worshipped Trog.
Trog was greatly pleased with you.
You visited 1 branch of the dungeon, and saw 9 of its levels.
You visited the Abyss 1 time.

You collected 322 gold pieces.
You spent 60 gold pieces at shops.


Innate Abilities, Weirdness & Mutations

You have a pair of horns on your head.
You reflexively headbutt those who attack you in melee.
You are partially covered in large bone plates. (SH +4)
You occasionally shout uncontrollably at your foes.
Potions are less effective at restoring your health.


   Skills:
 - Level 8.1 Fighting
 + Level 14.4 Axes
 - Level 3.2 Throwing
 - Level 6.2 Armour
 - Level 3.2 Dodging


You had 9 spell levels left.
You didn't know any spells.
Your spell library was empty.

Inventory:

Hand Weapons
 g - a +0 hand axe of flaming
 Y - a +1 war axe (weapon)
Missiles
 m - 2 javelins (quivered)
 o - 6 boomerangs
Armour
 c - a +0 pair of gloves (worn)
 i - a +0 chain mail of cold resistance (worn)
 k - a +0 cloak (worn)
Jewellery
 a - an amulet of the acrobat (around neck)
 p - a +4 ring of protection (left hand)
Scrolls
 d - 4 scrolls of teleportation
 e - 3 scrolls of identify
Potions
 b - 2 potions of mutation
 f - a potion of resistance
 h - 3 potions of heal wounds
 j - a potion of haste
 l - 2 potions of might
 n - 2 potions of curing

Dungeon Overview and Level Annotations

Branches:
Dungeon (9/15)             Temple (0/1) D:4
   Lair: D:8-11         Orc: D:9-12

Altars:
Dithmenos
Hepliaklqana
Ru
Trog
Xom
Yredelemnul

Shops:
D:7 *

Annotations:
D:5 1 runed translucent door, Crazy Yiuf
D:7 3 runed translucent doors, qw's ghost, novice GrFi


Message History

The Hell Sentinel is moderately wounded.
You completely miss the small abomination.
The Hell Sentinel hits you! You block the Hell Sentinel's attack.
The smoke demon gestures at you. Something smites you!
The neqoxec gestures at you.
Something tries to feed on your intellect!
The small abomination hits you but does no damage.
You completely miss the Hell Sentinel.
You headbutt the Hell Sentinel, but do no damage.
The Hell Sentinel is moderately wounded.
You slash the small abomination! You block the Hell Sentinel's attack.
The Hell Sentinel hits you!
You slash the small abomination!
You destroy the small abomination!
Trog accepts your kill.
You hit the Hell Sentinel but do no damage.
You slash the Hell Sentinel!
You headbutt the Hell Sentinel, but do no damage.
The Hell Sentinel is moderately wounded.
The Hell Sentinel hits you but does no damage. x2
You slice the Hell Sentinel!!
The Hell Sentinel is heavily wounded.
You barely miss the neqoxec.
You hit the Hell Sentinel but do no damage.
The Hell Sentinel is heavily wounded.
You hit the neqoxec. The Hell Sentinel closely misses you.
The Hell Sentinel hits you. The neqoxec gestures at you.
Strange energies course through your body.
Your system partially rejects the healing effects of potions.
You hit the Hell Sentinel but do no damage.
The Hell Sentinel is heavily wounded.
You hit the neqoxec. You barely miss the Hell Sentinel.
You headbutt the Hell Sentinel!
The Hell Sentinel is heavily wounded.
You slash the neqoxec! The Hell Sentinel gestures at you.
The iron shot hits you!!!
You die...

....... . ..
.#..# .#.. .
.... .... ...
... . #.# #.##
.. #.##...#.#
#.3......#
#..3...#...
#..@.......
...._..1.......
...##+#..###...
..# .... .. ..
..... ...#...
........
..........


You could see a Hell Sentinel, a smoke demon and a neqoxec.

Vanquished Creatures
  Pikel (D:5)
  A small abomination (Abyss:1)
  Eustachio (D:4)
  A steam dragon (D:8)
  Menkaure (D:5)
  2 water moccasins (D:8)
  Edmund (D:5)
  2 orc warriors
  2 black bears (D:5)
  2 sky beasts (D:7)
  2 ice beasts
  4 ogres
  2 centaurs
  A lemure (D:5)
  2 kobold brigands (D:8)
  4 bullfrogs
  A necrophage (D:5)
  7 wights
  A jelly (D:5)
  7 hounds
  4 orc priests
  4 iguanas (D:5)
  9 orc wizards
  Robin (D:4)
  4 gnolls (D:4)
  10 adders
  A shadow imp (D:7)
  4 white imps
  2 worms
  A dart slug (D:5)
  29 orcs
  7 ball pythons
  7 bats
  12 endoplasms
  5 giant cockroaches
  17 goblins
  10 hobgoblins
  18 kobolds
  3 quokkas
  A frilled lizard (D:7)
  7 rats
201 creatures vanquished.

Vanquished Creatures (others)
  3 fungi (D:7)
  A plant (D:7)
4 creatures vanquished.

Grand Total: 205 creatures vanquished

Notes
Turn   | Place    | Note
-------+----------+-------------------------------------------
     0 | D:1      | qw the Minotaur Berserker began the quest for the Orb.
     0 | D:1      | Reached XP level 1. HP: 19/19 MP: 0/0
     0 | D:1      | 0 ||| qw: Version: 0.1-a-119-g272c26d
     0 | D:1      | 0 ||| qw: Game counter: 11121
     0 | D:1      | 0 ||| qw: Always use a shield: true
     0 | D:1      | 0 ||| qw: Do Orc after D:15 true
     0 | D:1      | 0 ||| qw: Do second Lair branch before Depths: true
     0 | D:1      | 0 ||| qw: Lair rune preference: random
     0 | D:1      | 0 ||| qw: Plans: Normal
     0 | D:1      | 0 ||| PLANNING D:1-11
   107 | D:1      | Reached skill level 4 in Axes
   356 | D:1      | Reached XP level 2. HP: 26/26 MP: 1/1
   697 | D:1      | Reached skill level 5 in Axes
   701 | D:1      | Found a faded altar of an unknown god.
   762 | D:1      | 762 ||| UPGRADING to +0 leather armour.
   772 | D:1      | 772 ||| DROPPING +0 animal skin.
   773 | D:1      | 773 ||| READING scroll labelled FIKHLE IR RIAMM.
   774 | D:1      | 774 ||| READING 3 scrolls labelled XAOKLUU GEDIRGH.
   775 | D:1      | 775 ||| DRINKING 2 sedimented white potions.
   776 | D:1      | 776 ||| DROPPING potion of attraction.
   777 | D:1      | 777 ||| DROPPING 2 scrolls of amnesia.
   913 | D:2      | Reached XP level 3. HP: 30/31 MP: 2/2
   943 | D:2      | 943 ||| INVOKING Berserk.
  1274 | D:2      | 1274 ||| Stepping ~*~*~tactically~*~*~ (stealth).
  1280 | D:2      | Reached ** piety under Trog
  1616 | D:2      | 1616 ||| READING scroll labelled SEIPNU BOSK.
  1617 | D:2      | 1617 ||| DRINKING 2 metallic pink potions.
  1642 | D:2      | 1642 ||| DRINKING 2 sedimented grey potions.
  1743 | D:2      | 1743 ||| DROPPING potion of lignification.
  1744 | D:2      | 1744 ||| DROPPING potion of ambrosia.
  2001 | D:3      | 2001 ||| INVOKING Berserk.
  2005 | D:3      | Reached skill level 6 in Axes
  2005 | D:3      | Reached XP level 4. HP: 39/39 MP: 3/3
  2149 | D:3      | 2149 ||| SWAPPING to +0 hand axe of flaming.
  2150 | D:3      | 2150 ||| DROPPING +0 whip.
  2151 | D:3      | 2151 ||| DROPPING +0 hand axe.
  2317 | D:3      | 2317 ||| Stepping ~*~*~tactically~*~*~ (stealth).
  2322 | D:3      | 2322 ||| Stepping ~*~*~tactically~*~*~ (stealth).
  2628 | D:3      | Found a basalt altar of Yredelemnul.
  2789 | D:3      | 2789 ||| UPGRADING to +0 scale mail.
  2799 | D:3      | 2799 ||| DROPPING +0 leather armour.
  2800 | D:3      | 2800 ||| UPGRADING to +0 cloak.
  2805 | D:3      | 2805 ||| READING scroll labelled YDGHOE OTE NORUMEPN.
  2806 | D:3      | 2806 ||| READING scroll labelled ROMO HIHYAQO.
  2808 | D:3      | 2808 ||| READING scroll labelled NOROWI JOMAITE.
  2809 | D:3      | 2809 ||| READING scroll labelled XOZONINKUY.
  2810 | D:3      | 2810 ||| DRINKING 2 fuming blue potions.
  2811 | D:3      | 2811 ||| READING 2 scrolls of identify.
  2811 | D:3      | 2811 ||| IDENTIFYING ruby potion
  2812 | D:3      | 2812 ||| DROPPING potion of magic.
  2993 | D:4      | Found a staircase to the Ecumenical Temple.
  3025 | D:4      | Noticed Robin
  3029 | D:4      | Noticed an ogre
  3037 | D:4      | 3037 ||| INVOKING Berserk.
  3040 | D:4      | Killed Robin
  3041 | D:4      | Reached skill level 7 in Axes
  3041 | D:4      | Reached XP level 5. HP: 45/45 MP: 4/4
  3043 | D:4      | Killed an ogre
  3264 | D:4      | 3264 ||| Stepping ~*~*~tactically~*~*~ (hiding).
  3270 | D:4      | 3270 ||| INVOKING Berserk.
  3275 | D:4      | Reached XP level 6. HP: 56/56 MP: 5/5
  3523 | D:4      | 3523 ||| Stepping ~*~*~tactically~*~*~ (stealth).
  3524 | D:4      | 3524 ||| Stepping ~*~*~tactically~*~*~ (stealth).
  3526 | D:4      | 3526 ||| Stepping ~*~*~tactically~*~*~ (stealth).
  3534 | D:4      | 3534 ||| INVOKING Berserk.
  3538 | D:4      | Reached skill level 8 in Axes
  3906 | D:4      | Noticed Eustachio
  3914 | D:4      | 3914 ||| INVOKING Berserk.
  3922 | D:4      | Killed Eustachio
  3923 | D:4      | Reached skill level 9 in Axes
  3923 | D:4      | Reached XP level 7. HP: 61/61 MP: 6/6
  4082 | D:4      | 4082 ||| READING 2 scrolls labelled TERONIJINK.
  4086 | D:4      | 4086 ||| DRINKING 2 smoky emerald potions.
  4087 | D:4      | 4087 ||| DRINKING 2 sapphire potions.
  4088 | D:4      | 4088 ||| DROPPING potion of invisibility.
  4109 | D:5      | Entered Level 5 of the Dungeon
  4114 | D:5      | Reached *** piety under Trog
  4142 | D:5      | 4142 ||| Stepping ~*~*~tactically~*~*~ (stealth).
  4144 | D:5      | 4144 ||| Stepping ~*~*~tactically~*~*~ (hiding).
  4147 | D:5      | 4147 ||| INVOKING Berserk.
  4294 | D:5      | 4294 ||| SWAPPING to +0 war axe.
  4315 | D:5      | Reached skill level 10 in Axes
  4316 | D:5      | Reached skill level 1 in Throwing
  4319 | D:5      | Noticed Pikel
  4327 | D:5      | 4327 ||| INVOKING Berserk.
  4336 | D:5      | Killed Pikel
  4337 | D:5      | Reached XP level 8. HP: 74/74 MP: 7/7
  4532 | D:5      | Noticed Edmund
  4534 | D:5      | 4534 ||| INVOKING Berserk.
  4538 | D:5      | Killed Edmund
  4706 | D:5      | 4706 ||| INVOKING Berserk.
  4710 | D:5      | Reached skill level 11 in Axes
  4768 | D:5      | 4768 ||| INVOKING Berserk.
  4771 | D:5      | Reached skill level 3 in Armour
  4787 | D:5      | Noticed Menkaure
  4788 | D:5      | 4788 ||| FLEEEEING.
  4789 | D:5      | 4789 ||| FLEEEEING.
  4790 | D:5      | 4790 ||| FLEEEEING.
  4794 | D:5      | 4794 ||| Stepping ~*~*~tactically~*~*~ (hiding).
  4795 | D:5      | 4795 ||| Stepping ~*~*~tactically~*~*~ (hiding).
  4801 | D:5      | Killed Menkaure
  4807 | D:5      | 4807 ||| FLEEEEING.
  4808 | D:5      | 4808 ||| FLEEEEING.
  4819 | D:5      | 4819 ||| FLEEEEING.
  4821 | D:5      | 4821 ||| FLEEEEING.
  4822 | D:5      | 4822 ||| FLEEEEING.
  4824 | D:5      | 4824 ||| STAIRDANCE
  4949 | D:4      | 4949 ||| UPGRADING to +0 pair of gloves.
  4954 | D:4      | 4954 ||| READING scroll labelled KITHOCECZIN.
  4957 | D:5      | 4957 ||| INVOKING Berserk.
  4964 | D:5      | 4964 ||| STAIRDANCE
  5177 | D:5      | Found a runed translucent door.
  5178 | D:5      | Noticed Crazy Yiuf
  5210 | D:5      | 5210 ||| INVOKING Berserk.
  5213 | D:5      | Reached skill level 12 in Axes
  5213 | D:5      | Reached XP level 9. HP: 81/81 MP: 8/8
  5562 | D:5      | 5562 ||| UPGRADING to +0 chain mail of cold resistance.
  5572 | D:5      | 5572 ||| DROPPING +0 scale mail.
  5573 | D:5      | 5573 ||| UPGRADING to amulet of the acrobat.
  5578 | D:5      | 5578 ||| READING 2 scrolls of identify.
  5578 | D:5      | 5578 ||| IDENTIFYING fuming brown potion
  5579 | D:5      | 5579 ||| DROPPING potion of brilliance.
  5633 | D:6      | 5633 ||| Stepping ~*~*~tactically~*~*~ (hiding).
  5634 | D:6      | 5634 ||| Stepping ~*~*~tactically~*~*~ (hiding).
  5781 | D:6      | 5781 ||| INVOKING Berserk.
  5860 | D:6      | Found a shimmering altar of Xom.
  5861 | D:6      | Found a hazy altar of Hepliaklqana.
  5862 | D:6      | Noticed a spectral ugly thing
  6045 | D:6      | 6045 ||| Stepping ~*~*~tactically~*~*~ (hiding).
  6378 | D:6      | 6378 ||| DRINKING 2 murky golden potions.
  6379 | D:6      | 6379 ||| READING 2 scrolls of identify.
  6379 | D:6      | 6379 ||| IDENTIFYING bubbling ruby potion
  6380 | D:6      | 6380 ||| DROPPING potion of flight.
  6417 | D:7      | 6417 ||| STAIRDANCE
  6536 | D:7      | 6536 ||| Stepping ~*~*~tactically~*~*~ (stealth).
  6554 | D:7      | Reached skill level 13 in Axes
  6614 | D:7      | 6614 ||| Stepping ~*~*~tactically~*~*~ (hiding).
  6620 | D:7      | 6620 ||| INVOKING Berserk.
  6666 | D:7      | 6666 ||| Stepping ~*~*~tactically~*~*~ (stealth).
  6707 | D:7      | Found Ceyfedyu's General Store.
  6715 | D:7      | 6715 ||| BUYING potion of curing (30 gold).
  6715 | D:7      | Bought a potion of curing for 30 gold pieces
  6715 | D:7      | 6715 ||| BUYING scroll of teleportation (30 gold).
  6715 | D:7      | Bought a scroll of teleportation for 30 gold pieces
  6825 | D:7      | Found a runed translucent gate.
  6825 | D:7      | Found a runed translucent gate.
  6825 | D:7      | Found a runed translucent gate.
  6826 | D:7      | Noticed a kobold demonologist
  6829 | D:7      | Noticed qw's ghost (novice GrFi)
  6906 | D:7      | Found a sacrificial altar of Ru.
  6908 | D:7      | 6908 ||| Stepping ~*~*~tactically~*~*~ (hiding).
  7060 | D:7      | 7060 ||| READING scroll labelled MYASCH DOHISI.
  7061 | D:7      | 7061 ||| DRINKING 3 bubbling red potions.
  7061 | D:7      | Gained mutation: You occasionally shout uncontrollably at
                  | your foes. [potion of mutation]
  7061 | D:7      | Gained mutation: You are partially covered in large bone
                  | plates. (SH +4) [potion of mutation]
  7062 | D:7      | 7062 ||| DRINKING 2 pink potions.
  7167 | D:7      | 7167 ||| DROPPING potion of berserk rage.
  7194 | D:8      | 7194 ||| STAIRDANCE
  7268 | D:8      | 7268 ||| Stepping ~*~*~tactically~*~*~ (stealth).
  7305 | D:8      | 7305 ||| Stepping ~*~*~tactically~*~*~ (hiding).
  7307 | D:8      | 7307 ||| Stepping ~*~*~tactically~*~*~ (hiding).
  7314 | D:8      | Reached **** piety under Trog
  7315 | D:8      | Reached skill level 14 in Axes
  7412 | D:8      | 7412 ||| Stepping ~*~*~tactically~*~*~ (hiding).
  7414 | D:8      | 7414 ||| Stepping ~*~*~tactically~*~*~ (hiding).
  7454 | D:8      | Found a shadowy altar of Dithmenos.
  7455 | D:8      | 7455 ||| Stepping ~*~*~tactically~*~*~ (hiding).
  7465 | D:8      | Reached skill level 3 in Throwing
  7553 | D:8      | 7553 ||| FLEEEEING.
  7554 | D:8      | 7554 ||| FLEEEEING.
  7555 | D:8      | 7555 ||| FLEEEEING.
  7556 | D:8      | 7556 ||| FLEEEEING.
  7557 | D:8      | 7557 ||| FLEEEEING.
  7558 | D:8      | 7558 ||| FLEEEEING.
  7564 | D:8      | 7564 ||| STAIRDANCE
  7702 | D:7      | 7702 ||| UPGRADING to +4 ring of protection.
  7703 | D:7      | 7703 ||| READING scroll labelled RAULOE REAKHE.
  7704 | D:7      | 7704 ||| READING 4 scrolls of identify.
  7704 | D:7      | 7704 ||| IDENTIFYING puce potion
  7738 | D:8      | 7738 ||| Stepping ~*~*~tactically~*~*~ (stealth).
  7781 | D:8      | 7781 ||| Stepping ~*~*~tactically~*~*~ (stealth).
  7813 | D:8      | 7813 ||| INVOKING Berserk.
  7815 | D:8      | Reached skill level 6 in Armour
  7820 | D:8      | Reached skill level 3 in Dodging
  7820 | D:8      | Reached XP level 10. HP: 88/88 MP: 9/9
  7922 | D:8      | 7922 ||| INVOKING Berserk.
  8036 | D:8      | 8036 ||| Stepping ~*~*~tactically~*~*~ (stealth).
  8037 | D:8      | 8037 ||| Stepping ~*~*~tactically~*~*~ (stealth).
  8059 | D:8      | 8059 ||| Stepping ~*~*~tactically~*~*~ (stealth).
  8160 | D:8      | Found a bloodstained altar of Trog.
  8365 | D:9      | 8365 ||| STAIRDANCE
  8365 | Abyss:1  | Found a corrupted altar of Lugonu.
  8365 | Abyss:1  | Cast into level 1 of the Abyss (orc)
  8381 | Abyss:1  | 8381 ||| Stepping ~*~*~tactically~*~*~ (stealth).
  8385 | Abyss:1  | 8385 ||| Stepping ~*~*~tactically~*~*~ (stealth).
  8387 | Abyss:1  | 8387 ||| Stepping ~*~*~tactically~*~*~ (stealth).
  8416 | Abyss:1  | 8416 ||| Stepping ~*~*~tactically~*~*~ (stealth).
  8417 | Abyss:1  | 8417 ||| Stepping ~*~*~tactically~*~*~ (stealth).
  8448 | Abyss:1  | Noticed a Hell Sentinel
  8453 | Abyss:1  | 8453 ||| INVOKING Berserk.
  8457 | Abyss:1  | Noticed a smoke demon
  8464 | Abyss:1  | HP: 29/132 [Hell Sentinel (8)]
  8468 | Abyss:1  | Gained mutation: Potions are less effective at restoring
                  | your health. [a neqoxec]
  8470 | Abyss:1  | Killed from afar by a Hell Sentinel

Levels and vault maps discovered:
D:1:      nzn_arrival_settlement, layout_loops_ring,
          dilly_ecumenical_altar_fadedgnrine
D:2:      layout_loops_ring
D:3:      layout_basic, marbit_many_paths
D:4:      layout_cave_pods, minmay_temple_entry_wispy, uniq_eustachio,
          uniq_robin
D:5:      layout_loops_ring, uniq_pikel, uniq_crazy_yiuf_cottage, uniq_edmund,
          uniq_menkaure
D:6:      layout_basic, regret_index_temple_of_mockery, lemuel_flame_loot_1
D:7:      layout_cave_pools, nicolae_ru_great_annihilating_truth,
          gammafunk_ghost_nasty_kobolds, serial_shops, shop, grunt_ministairs_4
D:8:      layout_cave_pools, trog_hazing_becter, nicolae_dithmenos_the_darkroom
D:9:      layout_basic, mainiacjoe_overflow_divided_tiny,
          erik_lair_orcish_takeover, uniq_harold
Abyss:1:  base:
D:2

Skill      XL: |  1  2  3  4  5  6  7  8  9 |
---------------+----------------------------+-----
Axes           | 4 5 6 7 9 10 12 14 | 14.4
Fighting       | 5 8 |  8.1
Throwing       | 1 3 |  3.2
Armour         | 3 6 |  6.2
Dodging        | 3 |  3.2

Action                   |  1- 3 |  4- 6 |  7- 9 | 10-12 || total
-------------------------+-------+-------+-------+-------++-------
Melee: Hand axe          |    79 |    72 |    11 |       ||   162
       Headbutt          |    10 |    10 |    30 |     8 ||    58
       Punch             |       |     1 |     5 |       ||     6
       War axe           |       |       |   201 |    30 ||   231
Throw: Boomerang         |       |    27 |    57 |     6 ||    90
       Javelin           |       |       |    15 |     7 ||    22
Invok: Berserk           |     2 |     4 |    10 |     2 ||    18
  Use: Scroll            |     3 |     5 |     7 |       ||    15
       Potion            |     3 |     1 |     5 |       ||     9
 Stab: Invisible         |       |       |     1 |       ||     1
       Paralysed         |       |       |     1 |       ||     1
Armor: Animal skin       |     4 |       |       |       ||     4
       Leather armour    |    11 |     3 |       |       ||    14
       Scale mail        |       |    15 |    32 |       ||    47
       Chain mail        |       |       |    39 |    11 ||    50
Dodge: Dodged            |    30 |    23 |   101 |     5 ||   159
Block: Other             |       |       |     7 |     6 ||    13

Table legend:
 A = Non-vault XP
 B = Vault XP
 C = Vault XP percentage of total XP
 D = Non-vault monster count
 E = Vault monster count
 F = Vault count percentage of total count
                 A         B        C        D         E       F
            +---------+---------+-------+---------+---------+-------
      Total |    4839 |    1404 |  22.5 |     171 |      29 |  14.5
            +---------+---------+-------+---------+---------+-------
        D:1 |      35 |       0 |   0.0 |      20 |       0 |   0.0
        D:2 |      30 |       0 |   0.0 |      15 |       0 |   0.0
        D:3 |      64 |       1 |   1.5 |      15 |       1 |   6.2
        D:4 |     463 |     236 |  33.8 |      24 |      14 |  36.8
        D:5 |    1081 |     989 |  47.8 |      25 |       3 |  10.7
        D:6 |     709 |       0 |   0.0 |      13 |       0 |   0.0
        D:7 |     714 |     169 |  19.1 |      21 |       6 |  22.2
        D:8 |    1542 |       9 |   0.6 |      37 |       5 |  11.9
    Abyss:1 |     201 |       0 |   0.0 |       1 |       0 |   0.0
            +---------+---------+-------+---------+---------+-------
